 Dungeon Crawl Stone Soup version 0.21.1-1-g345015f (webtiles) character file.

125297 tidbits the Martial Artist (level 16, -15/125 HPs)
             Began as a Gnoll Transmuter on Feb 14, 2018.
             Was an Elder of Cheibriados.
             Shot with an arrow by a naga sharpshooter (21 damage)
             ... on level 4 of the Snake Pit.
             The game lasted 02:06:13 (8607 turns).

tidbits the Martial Artist (Gnoll Transmuter)       Turns: 8607, Time: 02:06:14

Health: -15/125    AC: 13    Str: 22    XL:     16   Next: 60%
Magic:  1/31       EV: 30    Int: 34    God:    Cheibriados [****..]
Gold:   830        SH:  0    Dex: 30    Spells: 14/38 levels left

rFire    . . .     SeeInvis .     - Unarmed
rCold    . . .     Gourm    .   (shield currently unavailable)
rNeg     . . .     Faith    .   B - +1 troll leather armour
rPois    +         Spirit   .   E - +2 helmet {Int+3}
rElec    .         Reflect  .   C - +2 cloak
rCorr    .         Harm     +   (gloves currently unavailable)
MR       ++...                  (no boots)
Stlth    ++++++....             w - amulet of harm
HPRegen  0.70/turn              P - ring of poison resistance
MPRegen  0.22/turn              t - ring of protection from magic

@: agile, lethally poisoned (-15 -> -16), blade hands, deflect missiles, very
slow
A: distributed training, fangs 1, strong nose
}: 1/15 runes: decaying
a: End Transformation, Bend Time, Temporal Distortion, Slouch, Renounce Religion


You were on level 4 of the Snake Pit.
You worshipped Cheibriados.
Cheibriados was greatly pleased with you.
You were very full.
You had blades for hands.
You visited 7 branches of the dungeon, and saw 29 of its levels.
You also visited: Ice Cave and Volcano.

You collected 2174 gold pieces.
You spent 1344 gold pieces at shops.

Inventory:

Hand Weapons
 a - a +9 broad axe of chopping
   (You took it off Frances on level 2 of the Swamp)
 b - a +0 demon trident
 g - a +0 blowgun
 p - the +7 dagger of Nemelex Xobeh's Pride (melded) {flame, rC+ rN+ Int+3}
   (You found it on level 2 of the Lair of Beasts)

   It has been specially enchanted to burn those struck by it, causing extra
   injury to most foes and up to half again as much damage against particularly
   susceptible opponents.
   It affects your intelligence (+3).
   It protects you from cold.
   It protects you from negative energy.
 S - a +2 fustibalus of flaming
   (You found it in a volcano)
Missiles
 I - 155 arrows
 J - 46 tomahawks (quivered)
 K - 52 sling bullets
 Q - 8 curare-tipped needles
 X - a throwing net {!f}
Armour
 l - a scarf of cloud immunity
   (You found it on level 5 of the Dungeon)
 B - a +1 troll leather armour (worn)
 C - a +2 cloak (worn)
 D - a +0 buckler (melded)
 E - a +2 helmet of intelligence (worn)
   (You found it in an ice cave)
 G - a +2 pair of gloves of strength (melded)
   (You found it in an ice cave)
 H - a +2 hat
Jewellery
 e - an uncursed ring of ice
   (You found it on level 2 of the Snake Pit)
 j - an uncursed ring of protection from cold
   (You found it in an ice cave)
 t - a ring of protection from magic (right scythe-like blade)
   (You found it on level 4 of the Lair of Beasts)
 w - an amulet of harm (around neck)
   (You found it on level 2 of the Lair of Beasts)
 P - a ring of poison resistance (left scythe-like blade)
   (You found it on level 3 of the Dungeon)
 U - a +4 ring of protection
   (You found it on level 2 of the Dungeon)
 V - an uncursed ring of magical power
   (You found it on level 4 of the Lair of Beasts)
 Y - a +3 ring of slaying
   (You found it on level 3 of the Lair of Beasts)
Wands
 d - a wand of digging (16)
 f - a wand of enslavement (11)
 y - a wand of flame (1)
 Z - a wand of clouds (4)
Scrolls
 h - a scroll of holy word
 i - 2 scrolls of identify
 k - 7 scrolls of amnesia
 m - a scroll of fog
 o - 2 scrolls of immolation
 r - 5 scrolls of remove curse
 v - 4 scrolls of teleportation
 A - 2 scrolls of fear
 M - a scroll of summoning
 T - 2 scrolls of magic mapping
Potions
 n - a potion of invisibility
 q - a potion of ambrosia
 u - a potion of magic
 L - a potion of resistance
 N - 2 potions of cancellation
 O - 5 potions of brilliance
Books
 W - a book of Enchantments
   (You found it on level 1 of the Lair of Beasts)

   Spells                             Type                      Level
   a - Cause Fear                     Hexes                        4
   b - Yara's Violent Unravelling     Hexes/Transmutation          5
   c - Silence                        Hexes/Air                    5
   d - Deflect Missiles               Charms/Air                   6
   e - Discord                        Hexes                        8
Miscellaneous
 x - a box of beasts
 F - a lamp of fire
Comestibles
 c - 19 rations


   Skills:
 + Level 11.0 Fighting
 + Level 10.7 Short Blades
 + Level 10.7 Long Blades
 + Level 10.7 Axes
 + Level 10.7 Maces & Flails
 + Level 10.7 Polearms
 + Level 10.7 Staves
 + Level 10.7 Slings
 + Level 10.7 Bows
 + Level 10.7 Crossbows
 + Level 10.7 Throwing
 + Level 10.7 Armour
 + Level 11.6 Dodging
 + Level 10.7 Stealth
 + Level 10.7 Shields
 + Level 12.3 Unarmed Combat
 + Level 11.7 Spellcasting
 + Level 9.1 Conjurations
 + Level 9.1 Hexes
 + Level 9.1 Charms
 + Level 9.1 Summonings
 + Level 9.1 Necromancy
 + Level 9.1 Translocations
 + Level 9.9 Transmutations
 + Level 9.1 Fire Magic
 + Level 9.1 Ice Magic
 + Level 9.1 Air Magic
 + Level 9.1 Earth Magic
 + Level 9.1 Poison Magic
 + Level 11.6 Invocations
 + Level 10.7 Evocations


You had 14 spell levels left.
You knew the following spells:

 Your Spells              Type           Power        Failure   Level  Hunger
c - Confuse               Hex            ######..     9%          3    None
e - Beastly Appendage     Tmut           ######       5%          1    None
h - Blade Hands           Tmut           ######....   16%         5    None
i - Ice Form              Ice/Tmut       ######..     12%         4    None
k - Sticks to Snakes      Tmut           ######..     6%          2    None
m - Deflect Missiles      Chrm/Air       ######....   43%         6    ####...
p - Spider Form           Tmut/Pois      ######....   8%          3    None


Dungeon Overview and Level Annotations

Branches:
Dungeon (13/15)            Temple (1/1) D:5            Lair (4/6) D:10
  Swamp (4/4) Lair:4        Snake (4/4) Lair:4          Orc (2/2) D:12
    Elf (1/3) Orc:2
 Vaults: D:13-14

Altars:
Ashenzari
Cheibriados
Dithmenos
Makhleb
Nemelex Xobeh
Qazlal
Sif Muna
Trog
Uskayaw
Wu Jian
Beogh

Shops:
D:4 *   D:7 ?   D:10 =   Orc:1 }   Orc:2 (!}*   Snake:4 *

Portals:
Pandemonium: Orc:2


Innate Abilities, Weirdness & Mutations

Your experience applies equally to all skills.
You have very sharp teeth.
Your uncanny sense of smell can sniff out nearby items.


Message History

The naga warrior blocks your adder's attack.
The naga warrior spits poison at you. You deflect the splash of poison!
You see here 2 arrows.
Unknown command.
You closely miss the naga warrior.
The naga warrior is almost dead.
You hit the naga warrior. You burn the naga warrior.
The naga warrior is almost dead.
You feel sick.
The naga warrior blocks your adder's attack.
The naga warrior hits your adder with a hand axe.
The naga warrior hits you with a hand axe!
* * * LOW HITPOINT WARNING * * *
The naga warrior grabs your adder. The naga warrior constricts your adder.
Your adder dies!
You can feel time thicken for a moment.
You feel somewhat less full.
You can no longer inflict damage on those overly hasty.
Cheibriados lowers the support of your attributes as your movement quickens.
You block the naga warrior's attack. x2
Unknown command.
Casting: Sticks to Snakes
Confirm with . or Enter, or press ? or * to list all spells.
You don't have enough magic to cast that spell.
You feel agile all of a sudden. The naga mage completely misses you. x2
The naga warrior completely misses you. You block the naga warrior's attack.
Unknown command.
Casting: Sticks to Snakes
Confirm with . or Enter, or press ? or * to list all spells.
Your hands turn into razor-sharp scythe blades.
The +7 dagger of Nemelex Xobeh's Pride {flame, rC+ rN+ Int+3} melds into your body.
Your +2 pair of gloves of strength melds into your body.
Your +0 buckler melds into your body.
The +7 dagger of Nemelex Xobeh's Pride {flame, rC+ rN+ Int+3} stops flaming.
You feel weaker.
You feel sick. The naga mage casts a spell at you. The poison arrow misses you.
The naga mage spits poison at you. The splash of poison misses you.
Unknown command.
You slice the naga warrior!!
You kill the naga warrior!
Cheibriados thoroughly appreciates the change of pace.
The naga mage completely misses you. x2
You slice the naga mage!!
You kill the naga mage!
Cheibriados thoroughly appreciates the change of pace.
You can now inflict damage on those overly hasty.
Cheibriados raises the support of your attributes as your movement slows.
The naga sharpshooter spits poison at you.
You deflect the splash of poison!
You slash the nagaraja!
The nagaraja is heavily wounded.
The nagaraja points at you and mumbles some strange words.
The bolt of poison hits you!
You are more poisoned.
You resist.
* * * LOW HITPOINT WARNING * * *
A naga sharpshooter comes into view. It is wielding a mace.
Okay, then.
Okay, then.
Okay, then.
Evoke which item? (* to show all) (? for menu, Esc to quit)
Okay, then.
Casting: Blade Hands
Confirm with . or Enter, or press ? or * to list all spells.
You don't know that spell.
Unknown command.
Okay, then.
Unknown command.
Okay, then.
Unknown command.
As you read the scroll of torment, it crumbles to dust.
Your body is wracked with pain!
* * * LOW HITPOINT WARNING * * *
The nagaraja convulses!
The naga sharpshooter convulses!
The naga ritualist convulses!
The naga sharpshooter convulses!
The naga sharpshooter shouts!
You feel sick.
The naga sharpshooter mumbles some strange words.
The naga sharpshooter magically shoots an arrow.
You deflect the arrow!
The naga ritualist gestures at you while chanting.
You resist with almost no effort.
The naga sharpshooter unwields an uncursed mace.
The naga sharpshooter wields an uncursed arbalest.
The naga sharpshooter shoots a bolt.
The bolt completely misses you.
Unknown command.
Unknown command.
Okay, then.
As you read the scroll of summoning, it crumbles to dust.
Wisps of shadow whirl around you...
You feel sick.
The nagaraja gestures at you while chanting.
The orb of energy misses you.
The orb of energy misses your mana viper.
The naga sharpshooter shoots an arrow.
The arrow misses your mana viper. The arrow hits you!!
You die...

........)..#......
N.....#
.........).#........
#..........#........
##.........############
#........[............
#......................
#.........N............
##.....SS..............
##........N@S.........
#######NN†##§N.######
#...NN.(.§....#
#....N..........
#SN.S.)((.....#..
#N...#..)..#..# .
#.......N....N# #
##..#N.......## # ##
N.N⌠....## #


You could see a nagaraja, 3 naga sharpshooters, a naga ritualist, a friendly
naga warrior, 2 friendly anacondas, a friendly naga ritualist, 2 friendly mana
vipers, a friendly black mamba (wandering), a friendly naga mage and 3 friendly
nagas.

Vanquished Creatures
  Nikola (Swamp:2)
  An Ice Fiend (IceCv)
  Frances (Swamp:2)
  2 thorn hunters
  A nagaraja (Snake:3)
  An orc warlord (Orc:1)
  Louise (Swamp:2)
  9 hydras
  9 naga warriors
  5 anacondas
  5 alligators
  2 two-headed ogres
  A spriggan berserker (Swamp:4)
  6 orc high priests (Orc:2)
  10 naga sharpshooters
  A salamander mystic (Snake:4)
  An unseen horror (D:11)
  A naga ritualist (Snake:4)
  9 swamp dragons
  A torturous demonspawn (Orc:2)
  A gelid demonspawn (Orc:2)
  3 shambling mangroves (Swamp:4)
  4 orc knights (Orc:2)
  5 orc sorcerers
  2 mana vipers (Snake:1)
  6 salamanders
  29 black mambas
  A guardian serpent (Snake:1)
  5 elephants (Lair:4)
  20 naga magi
  2 centaur zombies (D:12)
  An ice statue (Snake:1)
  13 spiny frogs
  A molten gargoyle (Volcano)
  An orange demon (Orc:2)
  2 efreet (Volcano)
  2 freezing wraiths (IceCv)
  7 ice devils
  A komodo dragon (Lair:1)
  2 anaconda simulacra (IceCv)
  A troll (Orc:1)
  A red devil (Orc:2)
  A tengu conjurer (D:12)
  5 tyrant leeches
  11 bog bodies
  8 hornets
  A wolf spider simulacrum (IceCv)
  2 hippogriffs
  4 shadows
  A spriggan (Swamp:2)
  2 dire elephant simulacra (IceCv)
  7 yaks (Lair:2)
  A wraith (D:11)
  6 fire elementals (Volcano)
  A chaos spawn (Orc:2)
  A steam dragon (D:11)
  15 vampire mosquitoes
  28 nagas
  A death yak simulacrum (IceCv)
  3 harpy simulacra (IceCv)
  4 iron troll simulacra (IceCv)
  3 insubstantial wisps (Swamp:4)
  3 hydra simulacra (IceCv)
  13 swamp worms
  6 water moccasins
  22 orc warriors
  A porcupine (Lair:2)
  2 ice beasts
  10 swamp drakes
  2 sky beasts
  An ettin simulacrum (IceCv)
  A phantom (D:12)
  2 alligator simulacra (IceCv)
  4 ogres
  A necrophage (D:8)
  7 centaurs
  3 crocodiles
  2 big kobolds
  4 bullfrogs
  2 earth elementals (Volcano)
  3 scorpions
  5 killer bees (D:7)
  5 electric eels
  9 wights
  2 howler monkeys (D:11)
  A crimson imp (D:7)
  A jelly (D:11)
  2 draconian simulacra (IceCv)
  A bullfrog zombie (D:8)
  A hound (D:6)
  18 orc priests
  10 orc wizards
  3 iguanas
  A worker ant (D:11)
  A spriggan simulacrum (IceCv)
  3 troll simulacra (IceCv)
  2 wolf simulacra (IceCv)
  A centaur simulacrum (IceCv)
  A hound zombie (D:5)
  4 mummies (D:9)
  A worker ant zombie (D:9)
  A howler monkey zombie (D:9)
  9 adders
  5 naga simulacra (IceCv)
  3 white imps (IceCv)
  4 ufetubi (IceCv)
  An ooze (D:1)
  3 adder zombies
  3 leopard geckos
  28 orcs
  4 ball pythons
  3 bats
  6 giant cockroaches
  8 goblins
  7 hobgoblins
  11 jackals
  15 kobolds
  4 quokkas
  A giant cockroach zombie (D:5)
  A leopard gecko skeleton (D:5)
  A quokka skeleton (D:4)
  A quokka zombie (D:9)
  6 rats
  A fire vortex (Volcano)
570 creatures vanquished.

Vanquished Creatures (collateral kills)
  A thorn hunter (Swamp:4)
  A hydra (Swamp:4)
  An alligator (Swamp:2)
  2 orc high priests (Orc:2)
  A spriggan berserker (Swamp:4)
  2 swamp dragons (Swamp:4)
  A shambling mangrove (Swamp:2)
  A mana viper (Snake:4)
  A naga mage (Snake:4)
  A centaur skeleton (D:12)
  A tyrant leech (Swamp:4)
  A hornet (Swamp:4)
  3 bog bodies (Swamp:4)
  Sigmund (D:2)
  2 yaks (Lair:2)
  A swamp worm (Swamp:4)
  4 vampire mosquitoes
  A naga (Snake:4)
  A warg (Orc:1)
  5 swamp drakes (Swamp:4)
  2 orc warriors
  2 wights
  A crimson imp (D:12)
  An orc wizard (Orc:1)
  3 orc priests
  An adder (D:3)
  7 orcs
  A jackal (D:6)
  A jackal skeleton (D:7)
51 creatures vanquished.

Vanquished Creatures (others)
  3 hydras (Swamp:4)
  2 swamp worms
  A swamp drake (Swamp:4)
  2 ufetubi (IceCv)
  A plant (Lair:4)
9 creatures vanquished.

Grand Total: 630 creatures vanquished

Notes
Turn   | Place    | Note
-------+----------+-------------------------------------------
     0 | D:1      | tidbits the Gnoll Transmuter began the quest for the Orb.
     0 | D:1      | Reached XP level 1. HP: 17/17 MP: 6/6
   103 | D:1      | You fall through a shaft!
   114 | D:2      | Reached XP level 2. HP: 22/23 MP: 5/7
   120 | D:2      | Learned a level 2 spell: Sticks to Snakes
   143 | D:2      | Noticed Sigmund
   151 | D:2      | Found a deep blue altar of Sif Muna.
   191 | D:2      | Killed Sigmund
   191 | D:2      | Reached skill level 1 in Short Blades
   191 | D:2      | Reached skill level 1 in Long Blades
   191 | D:2      | Reached skill level 1 in Axes
   191 | D:2      | Reached skill level 1 in Maces & Flails
   191 | D:2      | Reached skill level 1 in Polearms
   191 | D:2      | Reached skill level 1 in Staves
   191 | D:2      | Reached skill level 1 in Slings
   191 | D:2      | Reached skill level 1 in Bows
   191 | D:2      | Reached skill level 1 in Crossbows
   191 | D:2      | Reached skill level 1 in Throwing
   191 | D:2      | Reached skill level 1 in Armour
   191 | D:2      | Reached skill level 1 in Stealth
   191 | D:2      | Reached skill level 1 in Shields
   191 | D:2      | Reached skill level 5 in Spellcasting
   191 | D:2      | Reached skill level 1 in Conjurations
   191 | D:2      | Reached skill level 1 in Hexes
   191 | D:2      | Reached skill level 1 in Charms
   191 | D:2      | Reached skill level 1 in Summonings
   191 | D:2      | Reached skill level 1 in Necromancy
   191 | D:2      | Reached skill level 1 in Translocations
   191 | D:2      | Reached skill level 1 in Fire Magic
   191 | D:2      | Reached skill level 1 in Ice Magic
   191 | D:2      | Reached skill level 1 in Air Magic
   191 | D:2      | Reached skill level 1 in Earth Magic
   191 | D:2      | Reached skill level 1 in Poison Magic
   191 | D:2      | Reached skill level 1 in Invocations
   191 | D:2      | Reached skill level 1 in Evocations
   191 | D:2      | Reached XP level 3. HP: 14/28 MP: 1/9
   191 | D:2      | Reached XP level 4. HP: 17/34 MP: 1/11
   196 | D:2      | Learned a level 3 spell: Spider Form
   267 | D:3      | Found a transporter.
   341 | D:2      | Reached XP level 5. HP: 35/40 MP: 7/12
   479 | D:2      | Found a faded altar of an unknown god.
   489 | D:2      | Reached skill level 3 in Fighting
   620 | D:3      | Reached skill level 4 in Transmutations
   744 | D:3      | Found a transporter.
   792 | D:3      | Reached skill level 2 in Invocations
   792 | D:3      | Reached XP level 6. HP: 46/47 MP: 10/13
   862 | D:4      | Noticed an ice beast
   871 | D:4      | Killed an ice beast
   871 | D:4      | Reached skill level 2 in Short Blades
   871 | D:4      | Reached skill level 2 in Long Blades
   871 | D:4      | Reached skill level 2 in Axes
   871 | D:4      | Reached skill level 2 in Maces & Flails
   871 | D:4      | Reached skill level 2 in Polearms
   871 | D:4      | Reached skill level 2 in Staves
   871 | D:4      | Reached skill level 2 in Slings
   871 | D:4      | Reached skill level 2 in Bows
   871 | D:4      | Reached skill level 2 in Crossbows
   871 | D:4      | Reached skill level 2 in Throwing
   871 | D:4      | Reached skill level 2 in Armour
   871 | D:4      | Reached skill level 5 in Dodging
   871 | D:4      | Reached skill level 2 in Stealth
   871 | D:4      | Reached skill level 2 in Shields
   871 | D:4      | Reached skill level 2 in Evocations
   929 | D:4      | Found Honkia's Assorted Antiques.
   934 | D:4      | Bought a scroll labeled UJIECE KUUSAGU for 28 gold pieces
   934 | D:4      | Bought a scroll labeled YTADGH ZUTSEWUHAJ for 28 gold pieces
  1039 | D:4      | Noticed a phantom
  1131 | D:5      | Entered Level 5 of the Dungeon
  1196 | D:6      | Reached XP level 7. HP: 52/52 MP: 7/15
  1268 | D:7      | Reached skill level 7 in Unarmed Combat
  1279 | D:7      | Reached skill level 2 in Conjurations
  1279 | D:7      | Reached skill level 2 in Hexes
  1279 | D:7      | Reached skill level 2 in Charms
  1279 | D:7      | Reached skill level 2 in Summonings
  1279 | D:7      | Reached skill level 2 in Necromancy
  1279 | D:7      | Reached skill level 2 in Translocations
  1279 | D:7      | Reached skill level 2 in Fire Magic
  1279 | D:7      | Reached skill level 2 in Ice Magic
  1279 | D:7      | Reached skill level 2 in Air Magic
  1279 | D:7      | Reached skill level 2 in Earth Magic
  1279 | D:7      | Reached skill level 2 in Poison Magic
  1311 | D:7      | Found Sizisch Saymu's Magic Scroll Shoppe.
  1333 | D:7      | Bought a scroll of blinking for 90 gold pieces
  1333 | D:7      | Bought a scroll of amnesia for 42 gold pieces
  1415 | D:5      | Reached skill level 3 in Invocations
  1588 | D:5      | Reached XP level 8. HP: 60/60 MP: 12/16
  1608 | D:4      | Found an ornate altar of the Wu Jian Council.
  1651 | D:5      | Found a staircase to the Ecumenical Temple.
  1662 | Temple   | Entered the Ecumenical Temple
  1688 | Temple   | Became a worshipper of Cheibriados the Contemplative
  1851 | D:6      | Reached skill level 4 in Fighting
  1851 | D:6      | Reached skill level 3 in Short Blades
  1851 | D:6      | Reached skill level 3 in Long Blades
  1851 | D:6      | Reached skill level 3 in Axes
  1851 | D:6      | Reached skill level 3 in Maces & Flails
  1851 | D:6      | Reached skill level 3 in Polearms
  1851 | D:6      | Reached skill level 3 in Staves
  1851 | D:6      | Reached skill level 3 in Slings
  1851 | D:6      | Reached skill level 3 in Bows
  1851 | D:6      | Reached skill level 3 in Crossbows
  1851 | D:6      | Reached skill level 3 in Throwing
  1851 | D:6      | Reached skill level 3 in Armour
  1851 | D:6      | Reached skill level 3 in Stealth
  1851 | D:6      | Reached skill level 3 in Shields
  1851 | D:6      | Reached skill level 3 in Evocations
  1905 | D:6      | Reached skill level 6 in Spellcasting
  2103 | D:8      | Reached * piety under Cheibriados
  2103 | D:8      | Reached skill level 3 in Conjurations
  2103 | D:8      | Reached skill level 3 in Hexes
  2103 | D:8      | Reached skill level 3 in Charms
  2103 | D:8      | Reached skill level 3 in Summonings
  2103 | D:8      | Reached skill level 3 in Necromancy
  2103 | D:8      | Reached skill level 3 in Translocations
  2103 | D:8      | Reached skill level 3 in Fire Magic
  2103 | D:8      | Reached skill level 3 in Ice Magic
  2103 | D:8      | Reached skill level 3 in Air Magic
  2103 | D:8      | Reached skill level 3 in Earth Magic
  2103 | D:8      | Reached skill level 3 in Poison Magic
  2103 | D:8      | Reached skill level 4 in Invocations
  2121 | D:9      | You fall through a shaft for 2 floors!
  2149 | D:12     | Noticed a slime creature
  2149 | D:12     | Noticed a slime creature
  2164 | D:11     | Noticed a two-headed ogre
  2170 | D:11     | Reached skill level 6 in Dodging
  2170 | D:11     | Reached XP level 9. HP: 62/66 MP: 10/18
  2183 | D:11     | Killed a two-headed ogre
  2183 | D:11     | Reached skill level 5 in Fighting
  2183 | D:11     | Reached skill level 4 in Short Blades
  2183 | D:11     | Reached skill level 4 in Long Blades
  2183 | D:11     | Reached skill level 4 in Axes
  2183 | D:11     | Reached skill level 4 in Maces & Flails
  2183 | D:11     | Reached skill level 4 in Polearms
  2183 | D:11     | Reached skill level 4 in Staves
  2183 | D:11     | Reached skill level 4 in Slings
  2183 | D:11     | Reached skill level 4 in Bows
  2183 | D:11     | Reached skill level 4 in Crossbows
  2183 | D:11     | Reached skill level 4 in Throwing
  2183 | D:11     | Reached skill level 4 in Armour
  2183 | D:11     | Reached skill level 4 in Stealth
  2183 | D:11     | Reached skill level 4 in Shields
  2183 | D:11     | Reached skill level 5 in Transmutations
  2183 | D:11     | Reached skill level 4 in Evocations
  2232 | D:10     | Entered Level 10 of the Dungeon
  2312 | D:9      | Noticed a hornet
  2317 | D:9      | Killed a hornet
  2325 | D:9      | Reached skill level 8 in Unarmed Combat
  2418 | D:9      | Reached skill level 5 in Invocations
  2472 | D:10     | Noticed a two-headed ogre
  2484 | D:10     | Killed a two-headed ogre
  2484 | D:10     | Reached skill level 7 in Spellcasting
  2484 | D:10     | Reached skill level 4 in Conjurations
  2484 | D:10     | Reached skill level 4 in Hexes
  2484 | D:10     | Reached skill level 4 in Charms
  2484 | D:10     | Reached skill level 4 in Summonings
  2484 | D:10     | Reached skill level 4 in Necromancy
  2484 | D:10     | Reached skill level 4 in Translocations
  2484 | D:10     | Reached skill level 4 in Fire Magic
  2484 | D:10     | Reached skill level 4 in Ice Magic
  2484 | D:10     | Reached skill level 4 in Air Magic
  2484 | D:10     | Reached skill level 4 in Earth Magic
  2484 | D:10     | Reached skill level 4 in Poison Magic
  2484 | D:10     | Reached XP level 10. HP: 37/75 MP: 6/20
  2498 | D:10     | Reached ** piety under Cheibriados
  2508 | D:10     | Reached skill level 5 in Short Blades
  2508 | D:10     | Reached skill level 5 in Long Blades
  2508 | D:10     | Reached skill level 5 in Axes
  2508 | D:10     | Reached skill level 5 in Maces & Flails
  2508 | D:10     | Reached skill level 5 in Polearms
  2508 | D:10     | Reached skill level 5 in Staves
  2508 | D:10     | Reached skill level 5 in Slings
  2508 | D:10     | Reached skill level 5 in Bows
  2508 | D:10     | Reached skill level 5 in Crossbows
  2508 | D:10     | Reached skill level 5 in Throwing
  2508 | D:10     | Reached skill level 5 in Armour
  2508 | D:10     | Reached skill level 5 in Stealth
  2508 | D:10     | Reached skill level 5 in Shields
  2508 | D:10     | Reached skill level 5 in Evocations
  2554 | D:10     | Found Citall's Jewellery Emporium.
  2791 | D:10     | Found a sparkling altar of Nemelex Xobeh.
  2797 | D:10     | Found a staircase to the Lair.
  2890 | D:12     | Reached skill level 7 in Dodging
  2923 | D:12     | Reached skill level 6 in Fighting
  3045 | D:12     | Learned a level 5 spell: Blade Hands
  3081 | D:12     | Reached *** piety under Cheibriados
  3081 | D:12     | Reached skill level 6 in Transmutations
  3081 | D:12     | Reached skill level 6 in Invocations
  3290 | D:13     | Noticed a gargoyle
  3313 | D:12     | Found a staircase to the Orcish Mines.
  3318 | Orc:1    | Entered Level 1 of the Orcish Mines
  3318 | Orc:1    | Noticed an orc warlord
  3359 | Orc:1    | Noticed an orc sorcerer
  3363 | Orc:1    | Killed an orc warlord
  3363 | Orc:1    | Reached XP level 11. HP: 73/83 MP: 6/22
  3367 | Orc:1    | Killed an orc sorcerer
  3367 | Orc:1    | Reached skill level 6 in Short Blades
  3367 | Orc:1    | Reached skill level 6 in Long Blades
  3367 | Orc:1    | Reached skill level 6 in Axes
  3367 | Orc:1    | Reached skill level 6 in Maces & Flails
  3367 | Orc:1    | Reached skill level 6 in Polearms
  3367 | Orc:1    | Reached skill level 6 in Staves
  3367 | Orc:1    | Reached skill level 6 in Slings
  3367 | Orc:1    | Reached skill level 6 in Bows
  3367 | Orc:1    | Reached skill level 6 in Crossbows
  3367 | Orc:1    | Reached skill level 6 in Throwing
  3367 | Orc:1    | Reached skill level 6 in Armour
  3367 | Orc:1    | Reached skill level 6 in Stealth
  3367 | Orc:1    | Reached skill level 6 in Shields
  3367 | Orc:1    | Reached skill level 9 in Unarmed Combat
  3367 | Orc:1    | Reached skill level 6 in Evocations
  3449 | Orc:1    | Reached skill level 5 in Conjurations
  3449 | Orc:1    | Reached skill level 5 in Hexes
  3449 | Orc:1    | Reached skill level 5 in Charms
  3449 | Orc:1    | Reached skill level 5 in Summonings
  3449 | Orc:1    | Reached skill level 5 in Necromancy
  3449 | Orc:1    | Reached skill level 5 in Translocations
  3449 | Orc:1    | Reached skill level 5 in Fire Magic
  3449 | Orc:1    | Reached skill level 5 in Ice Magic
  3449 | Orc:1    | Reached skill level 5 in Air Magic
  3449 | Orc:1    | Reached skill level 5 in Earth Magic
  3449 | Orc:1    | Reached skill level 5 in Poison Magic
  3453 | Orc:1    | Found Opoymea's Gadget Emporium.
  3540 | Orc:2    | Entered Level 2 of the Orcish Mines
  3540 | Orc:2    | Found a staircase to the Elven Halls.
  3541 | Orc:2    | Reached **** piety under Cheibriados
  3554 | Orc:2    | Noticed an orc sorcerer
  3554 | Orc:2    | Paralysed by an orc sorcerer for 4 turns
  3568 | Orc:2    | Paralysed by an orc sorcerer for 5 turns
  3573 | Orc:2    | Killed an orc sorcerer
  3573 | Orc:2    | Reached skill level 8 in Spellcasting
  3616 | Elf:1    | Entered Level 1 of the Elven Halls
  3753 | Orc:1    | Found a roughly hewn altar of Beogh.
  3881 | Orc:2    | Noticed an orc knight
  3890 | Orc:2    | Reached ***** piety under Cheibriados
  3896 | Orc:2    | Killed an orc knight
  3937 | Orc:1    | Learned a level 4 spell: Ice Form
  3947 | Orc:2    | Reached skill level 7 in Invocations
  3968 | Orc:2    | Found Notois's General Store.
  3969 | Orc:2    | Found Etties's Distillery.
  4018 | Orc:2    | Reached skill level 7 in Fighting
  4018 | Orc:2    | Reached skill level 8 in Dodging
  4069 | Orc:2    | Bought a potion of might for 44 gold pieces
  4071 | Orc:2    | Bought a wand of enslavement (16) for 288 gold pieces
  4118 | Orc:2    | Noticed an orc knight
  4118 | Orc:2    | Noticed an orc high priest
  4124 | Orc:2    | Killed an orc high priest
  4129 | Orc:2    | Killed an orc knight
  4136 | Orc:2    | Noticed an orc knight
  4136 | Orc:2    | Noticed an orc knight
  4136 | Orc:2    | Noticed an orc high priest
  4149 | Orc:2    | Killed an orc knight
  4149 | Orc:2    | Reached XP level 12. HP: 40/91 MP: 6/24
  4215 | Orc:2    | Noticed an orc high priest
  4230 | Orc:2    | Noticed an orc high priest
  4236 | Orc:2    | Killed an orc high priest
  4239 | Orc:2    | Noticed an orc high priest
  4239 | Orc:2    | Killed an orc high priest
  4239 | Orc:2    | Reached skill level 7 in Transmutations
  4251 | Orc:2    | Killed an orc high priest
  4251 | Orc:2    | Reached skill level 7 in Short Blades
  4251 | Orc:2    | Reached skill level 7 in Long Blades
  4251 | Orc:2    | Reached skill level 7 in Axes
  4251 | Orc:2    | Reached skill level 7 in Maces & Flails
  4251 | Orc:2    | Reached skill level 7 in Polearms
  4251 | Orc:2    | Reached skill level 7 in Staves
  4251 | Orc:2    | Reached skill level 7 in Slings
  4251 | Orc:2    | Reached skill level 7 in Bows
  4251 | Orc:2    | Reached skill level 7 in Crossbows
  4251 | Orc:2    | Reached skill level 7 in Throwing
  4251 | Orc:2    | Reached skill level 7 in Armour
  4251 | Orc:2    | Reached skill level 7 in Stealth
  4251 | Orc:2    | Reached skill level 7 in Shields
  4251 | Orc:2    | Reached skill level 7 in Evocations
  4263 | Orc:2    | Killed an orc high priest
  4265 | Orc:2    | Noticed an orc high priest
  4273 | Orc:2    | Killed an orc high priest
  4305 | Orc:2    | Reached skill level 6 in Conjurations
  4305 | Orc:2    | Reached skill level 6 in Hexes
  4305 | Orc:2    | Reached skill level 6 in Charms
  4305 | Orc:2    | Reached skill level 6 in Summonings
  4305 | Orc:2    | Reached skill level 6 in Necromancy
  4305 | Orc:2    | Reached skill level 6 in Translocations
  4305 | Orc:2    | Reached skill level 6 in Fire Magic
  4305 | Orc:2    | Reached skill level 6 in Ice Magic
  4305 | Orc:2    | Reached skill level 6 in Air Magic
  4305 | Orc:2    | Reached skill level 6 in Earth Magic
  4305 | Orc:2    | Reached skill level 6 in Poison Magic
  4312 | Orc:2    | Reached skill level 8 in Invocations
  4326 | Orc:2    | Reached skill level 9 in Spellcasting
  4334 | Orc:2    | Noticed an orc high priest
  4334 | Orc:2    | Noticed an orc high priest
  4339 | Orc:2    | Killed an orc high priest
  4343 | Orc:2    | Killed an orc high priest
  4346 | Orc:2    | Found Ijyal's Gadget Shop.
  4346 | Orc:2    | Found Apraj's Antique Weapon Boutique.
  4346 | Orc:2    | Found a one-way gate leading to the halls of Pandemonium.
  4410 | Orc:1    | Bought a wand of digging (17) for 672 gold pieces
  4480 | D:11     | Reached skill level 8 in Fighting
  4480 | D:11     | Reached skill level 10 in Unarmed Combat
  4529 | Lair:1   | Entered Level 1 of the Lair of Beasts
  4637 | Lair:2   | Reached skill level 9 in Dodging
  4718 | Lair:1   | Found a dark tunnel.
  4727 | Volcano  | Entered a volcano
  4786 | Volcano  | Reached XP level 13. HP: 95/98 MP: 19/26
  5029 | Lair:2   | Got an ichor-stained dagger
  5030 | Lair:2   | Identified the +7 dagger of Nemelex Xobeh's Pride {flame, rC+ rN+ Int+3} (You found it on level 2 of the Lair of Beasts)
  5161 | Lair:3   | Learned a level 3 spell: Confuse
  5257 | Lair:4   | Reached skill level 8 in Short Blades
  5257 | Lair:4   | Reached skill level 8 in Long Blades
  5257 | Lair:4   | Reached skill level 8 in Axes
  5257 | Lair:4   | Reached skill level 8 in Maces & Flails
  5257 | Lair:4   | Reached skill level 8 in Polearms
  5257 | Lair:4   | Reached skill level 8 in Staves
  5257 | Lair:4   | Reached skill level 8 in Slings
  5257 | Lair:4   | Reached skill level 8 in Bows
  5257 | Lair:4   | Reached skill level 8 in Crossbows
  5257 | Lair:4   | Reached skill level 8 in Throwing
  5257 | Lair:4   | Reached skill level 8 in Armour
  5257 | Lair:4   | Reached skill level 8 in Stealth
  5257 | Lair:4   | Reached skill level 8 in Shields
  5257 | Lair:4   | Reached skill level 8 in Evocations
  5367 | Lair:4   | Found a staircase to the Swamp.
  5396 | Swamp:1  | Entered Level 1 of the Swamp
  5493 | Swamp:1  | Reached skill level 9 in Invocations
  5529 | Swamp:2  | Noticed Frances
  5547 | Swamp:2  | Killed Frances
  5547 | Swamp:2  | Reached skill level 8 in Transmutations
  5549 | Swamp:2  | Noticed Nikola
  5564 | Swamp:2  | Noticed Louise
  5580 | Swamp:2  | Killed Nikola
  5580 | Swamp:2  | Reached skill level 7 in Conjurations
  5580 | Swamp:2  | Reached skill level 7 in Hexes
  5580 | Swamp:2  | Reached skill level 7 in Charms
  5580 | Swamp:2  | Reached skill level 7 in Summonings
  5580 | Swamp:2  | Reached skill level 7 in Necromancy
  5580 | Swamp:2  | Reached skill level 7 in Translocations
  5580 | Swamp:2  | Reached skill level 7 in Fire Magic
  5580 | Swamp:2  | Reached skill level 7 in Ice Magic
  5580 | Swamp:2  | Reached skill level 7 in Air Magic
  5580 | Swamp:2  | Reached skill level 7 in Earth Magic
  5580 | Swamp:2  | Reached skill level 7 in Poison Magic
  5603 | Swamp:2  | Killed Louise
  5605 | Swamp:2  | Identified the +5 large shield "Neovvi" {*Corrode Str+4 Dex+7} (You took it off Louise on level 2 of the Swamp)
  5654 | Swamp:1  | Reached skill level 9 in Fighting
  5709 | Swamp:1  | Reached skill level 10 in Spellcasting
  5718 | Swamp:1  | Reached XP level 14. HP: 82/108 MP: 21/28
  5983 | Swamp:2  | Reached skill level 10 in Dodging
  6078 | Swamp:2  | Reached skill level 11 in Unarmed Combat
  6141 | Swamp:2  | Noticed a thorn hunter
  6156 | Swamp:2  | Reached skill level 9 in Short Blades
  6156 | Swamp:2  | Reached skill level 9 in Long Blades
  6156 | Swamp:2  | Reached skill level 9 in Axes
  6156 | Swamp:2  | Reached skill level 9 in Maces & Flails
  6156 | Swamp:2  | Reached skill level 9 in Polearms
  6156 | Swamp:2  | Reached skill level 9 in Staves
  6156 | Swamp:2  | Reached skill level 9 in Slings
  6156 | Swamp:2  | Reached skill level 9 in Bows
  6156 | Swamp:2  | Reached skill level 9 in Crossbows
  6156 | Swamp:2  | Reached skill level 9 in Throwing
  6156 | Swamp:2  | Reached skill level 9 in Armour
  6156 | Swamp:2  | Reached skill level 9 in Stealth
  6156 | Swamp:2  | Reached skill level 9 in Shields
  6156 | Swamp:2  | Reached skill level 9 in Evocations
  6162 | Swamp:2  | Killed a thorn hunter
  6227 | Swamp:3  | Noticed a reaper
  6238 | Swamp:4  | Entered Level 4 of the Swamp
  6340 | Swamp:3  | Reached skill level 10 in Invocations
  6500 | Swamp:4  | Noticed a thorn hunter
  6507 | Swamp:4  | Killed a thorn hunter
  6657 | Swamp:4  | Reached skill level 8 in Conjurations
  6657 | Swamp:4  | Reached skill level 8 in Hexes
  6657 | Swamp:4  | Reached skill level 8 in Charms
  6657 | Swamp:4  | Reached skill level 8 in Summonings
  6657 | Swamp:4  | Reached skill level 8 in Necromancy
  6657 | Swamp:4  | Reached skill level 8 in Translocations
  6657 | Swamp:4  | Reached skill level 8 in Fire Magic
  6657 | Swamp:4  | Reached skill level 8 in Ice Magic
  6657 | Swamp:4  | Reached skill level 8 in Air Magic
  6657 | Swamp:4  | Reached skill level 8 in Earth Magic
  6657 | Swamp:4  | Reached skill level 8 in Poison Magic
  6663 | Swamp:4  | Reached XP level 15. HP: 84/115 MP: 22/29
  6725 | Swamp:4  | Got a decaying rune of Zot
  6745 | Swamp:4  | Reached skill level 9 in Transmutations
  6759 | Swamp:4  | Noticed a thorn hunter
  6760 | Swamp:4  | Reached skill level 10 in Fighting
  6767 | Swamp:4  | Killed a thorn hunter
  6767 | Swamp:4  | Reached ****** piety under Cheibriados
  6931 | Lair:4   | Found a staircase to the Snake Pit.
  6946 | Snake:1  | Entered Level 1 of the Snake Pit
  6970 | Snake:1  | HP: 11/115 [poisoned by a naga mage (splash of poison)]
  7014 | Snake:1  | Reached skill level 11 in Spellcasting
  7027 | Snake:1  | HP: 5/115 [black mamba (10)]
  7040 | Snake:2  | Found a frozen archway.
  7059 | IceCv    | Entered an ice cave
  7199 | IceCv    | Reached skill level 10 in Short Blades
  7199 | IceCv    | Reached skill level 10 in Long Blades
  7199 | IceCv    | Reached skill level 10 in Axes
  7199 | IceCv    | Reached skill level 10 in Maces & Flails
  7199 | IceCv    | Reached skill level 10 in Polearms
  7199 | IceCv    | Reached skill level 10 in Staves
  7199 | IceCv    | Reached skill level 10 in Slings
  7199 | IceCv    | Reached skill level 10 in Bows
  7199 | IceCv    | Reached skill level 10 in Crossbows
  7199 | IceCv    | Reached skill level 10 in Throwing
  7199 | IceCv    | Reached skill level 10 in Armour
  7199 | IceCv    | Reached skill level 10 in Stealth
  7199 | IceCv    | Reached skill level 10 in Shields
  7199 | IceCv    | Reached skill level 10 in Evocations
  7363 | IceCv    | Noticed an Ice Fiend
  7392 | IceCv    | Killed an Ice Fiend
  7392 | IceCv    | Reached skill level 11 in Dodging
  7627 | Snake:3  | Reached skill level 11 in Invocations
  7693 | Snake:3  | Learned a level 6 spell: Deflect Missiles
  7852 | Snake:4  | Entered Level 4 of the Snake Pit
  7907 | Snake:3  | Noticed a nagaraja
  7911 | Snake:3  | Killed a nagaraja
  7911 | Snake:3  | Reached skill level 12 in Unarmed Combat
  7929 | Snake:3  | Reached XP level 16. HP: 124/124 MP: 25/31
  8106 | Snake:4  | Found a burning altar of Makhleb.
  8197 | Snake:4  | Found Limaon's General Store.
  8206 | Snake:4  | Bought a scroll of enchant armour for 120 gold pieces
  8206 | Snake:4  | Bought a scroll of identify for 32 gold pieces
  8394 | Snake:4  | Reached skill level 9 in Conjurations
  8394 | Snake:4  | Reached skill level 9 in Hexes
  8394 | Snake:4  | Reached skill level 9 in Charms
  8394 | Snake:4  | Reached skill level 9 in Summonings
  8394 | Snake:4  | Reached skill level 9 in Necromancy
  8394 | Snake:4  | Reached skill level 9 in Translocations
  8394 | Snake:4  | Reached skill level 9 in Fire Magic
  8394 | Snake:4  | Reached skill level 9 in Ice Magic
  8394 | Snake:4  | Reached skill level 9 in Air Magic
  8394 | Snake:4  | Reached skill level 9 in Earth Magic
  8394 | Snake:4  | Reached skill level 9 in Poison Magic
  8478 | Snake:4  | Reached skill level 11 in Fighting
  8586 | Snake:4  | Noticed a nagaraja
  8606 | Snake:4  | HP: 7/125 [/a scroll of torment (7)]
  8607 | Snake:4  | Shot with an arrow by a naga sharpshooter

Skill      XL: |  1  2  3  4  5  6  7  8  9 10 11 12 13 14 15 16 |
---------------+-------------------------------------------------+-----
Short Blades   | 1 2 3 4 5 6 7 8 9 10 | 10.7
Long Blades    | 1 2 3 4 5 6 7 8 9 10 | 10.7
Axes           | 1 2 3 4 5 6 7 8 9 10 | 10.7
Maces & Flails | 1 2 3 4 5 6 7 8 9 10 | 10.7
Polearms       | 1 2 3 4 5 6 7 8 9 10 | 10.7
Staves         | 1 2 3 4 5 6 7 8 9 10 | 10.7
Slings         | 1 2 3 4 5 6 7 8 9 10 | 10.7
Bows           | 1 2 3 4 5 6 7 8 9 10 | 10.7
Crossbows      | 1 2 3 4 5 6 7 8 9 10 | 10.7
Throwing       | 1 2 3 4 5 6 7 8 9 10 | 10.7
Armour         | 1 2 3 4 5 6 7 8 9 10 | 10.7
Stealth        | 1 2 3 4 5 6 7 8 9 10 | 10.7
Shields        | 1 2 3 4 5 6 7 8 9 10 | 10.7
Spellcasting   | 5 6 7 8 9 10 11 | 11.7
Conjurations   | 1 2 3 4 5 6 7 8 9 |  9.1
Hexes          | 1 2 3 4 5 6 7 8 9 |  9.1
Charms         | 1 2 3 4 5 6 7 8 9 |  9.1
Summonings     | 1 2 3 4 5 6 7 8 9 |  9.1
Necromancy     | 1 2 3 4 5 6 7 8 9 |  9.1
Translocations | 1 2 3 4 5 6 7 8 9 |  9.1
Fire Magic     | 1 2 3 4 5 6 7 8 9 |  9.1
Ice Magic      | 1 2 3 4 5 6 7 8 9 |  9.1
Air Magic      | 1 2 3 4 5 6 7 8 9 |  9.1
Earth Magic    | 1 2 3 4 5 6 7 8 9 |  9.1
Poison Magic   | 1 2 3 4 5 6 7 8 9 |  9.1
Invocations    | 1 2 3 4 5 6 7 8 9 10 11 | 11.6
Evocations     | 1 2 3 4 5 6 7 8 9 10 | 10.7
Fighting       | 3 4 5 6 7 8 9 10 11 | 11.0
Transmutations | 4 5 6 7 8 9 |  9.9
Dodging        | 5 6 7 8 9 10 11 | 11.6
Unarmed Combat | 7 8 9 10 11 12 | 12.3

Action                   |  1- 3 |  4- 6 |  7- 9 | 10-12 | 13-15 | 16-18 || total
-------------------------+-------+-------+-------+-------+-------+-------++-------
Melee: Unarmed           |    29 |   150 |   234 |   283 |   359 |   134 ||  1189
       Headbutt          |     4 |     3 |       |       |       |       ||     7
       Kick              |     2 |       |       |       |       |       ||     2
       Bite              |     1 |     3 |     2 |    43 |    89 |    33 ||   171
       Dagger            |       |       |     3 |    40 |    60 |    10 ||   113
       Whip              |       |       |       |    25 |       |       ||    25
       Punch             |       |       |       |    12 |    26 |     7 ||    45
       Broad axe         |       |       |       |       |    28 |       ||    28
       Demon trident     |       |       |       |       |    14 |       ||    14
       Rapier            |       |       |       |       |     8 |       ||     8
Throw: Tomahawk          |       |       |       |    30 |     5 |     5 ||    40
 Cast: Beastly Appendage |     6 |     3 |       |       |       |       ||     9
       Sticks to Snakes  |     2 |     5 |    13 |    27 |    49 |    15 ||   111
       Spider Form       |       |    19 |    24 |    17 |       |       ||    60
       Blade Hands       |       |       |       |    19 |    59 |    15 ||    93
       Ice Form          |       |       |       |     1 |       |       ||     1
       Confuse           |       |       |       |       |     1 |       ||     1
       Deflect Missiles  |       |       |       |       |     1 |     1 ||     2
Invok: Slouch            |       |       |       |     3 |    20 |     6 ||    29
 Abil: End Transformatio |       |       |     2 |     8 |    15 |     4 ||    29
Evoke: Wand              |       |     6 |     2 |    32 |    65 |     2 ||   107
  Use: Scroll            |     1 |     9 |     6 |     4 |    29 |     4 ||    53
       Potion            |       |     2 |     8 |     4 |     6 |     2 ||    22
 Stab: Sleeping          |       |     2 |     3 |     4 |    14 |       ||    23
       Distracted        |       |       |     4 |     4 |    14 |     3 ||    25
       Invisible         |       |       |     4 |       |       |       ||     4
       Betrayed ally     |       |       |       |     1 |     1 |       ||     2
  Eat: Chunk             |       |     2 |       |       |     1 |       ||     3
       Ration            |       |     1 |     3 |       |     6 |       ||    10
Armor: Robe              |     3 |     6 |    13 |    11 |     6 |       ||    39
       Skin              |       |     9 |    16 |    14 |       |       ||    39
       Troll leather arm |       |       |       |    24 |    95 |    14 ||   133
Dodge: Dodged            |    19 |   147 |   276 |   268 |   522 |   171 ||  1403
       Deflected         |       |       |       |       |    10 |    45 ||    55
Block: Buckler           |       |       |     1 |    27 |    61 |     9 ||    98

Table legend:
 A = Turns spent in this place as a percentage of turns spent in the entire game.
 B = Non-inter-level travel turns spent in this place as a percentage of non-inter-level travel turns spent in the entire game.
 C = Inter-level travel turns spent in this place as a percentage of turns spent in this place.
 D = Turns resting spent in this place as a percentage of non-inter-level travel turns spent in this place.
 E = Turns spent auto-exploring this place as a percentage of non-inter-level travel turns spent in this place.
 F = Non-inter-level travel turns spent in this place divided by the number of levels of this place that you've seen.
                   A       B       C       D       E      F
               +-------+-------+-------+-------+-------+----------------------
         Total | 100.0 | 100.0 |   1.4 |   0.0 |   0.0 | 273.7
       Dungeon |  39.0 |  39.4 |   0.3 |   0.0 |   0.0 | 257.5
        Temple |   0.6 |   0.3 |  47.2 |   0.0 |   0.0 |  28.0
          Lair |   9.2 |   9.3 |   0.0 |   0.0 |   0.0 | 197.5
         Swamp |  17.2 |  17.5 |   0.0 |   0.0 |   0.0 | 370.8
     Snake Pit |  13.6 |  13.8 |   0.0 |   0.0 |   0.0 | 293.0
  Orcish Mines |  13.0 |  12.1 |   7.7 |   0.0 |   0.0 | 515.5
   Elven Halls |   0.0 |   0.0 |   0.0 |   0.0 |   0.0 |   2.0
      Ice Cave |   5.7 |   5.8 |   0.0 |   0.0 |   0.0 | 489.0
       Volcano |   1.7 |   1.7 |   0.0 |   0.0 |   0.0 | 144.0
               +-------+-------+-------+-------+-------+----------------------

Table legend:
 A = Kills in this place as a percentage of kills in entire the game.
 B = Kills by you in this place as a percentage of kills by you in the entire game.
 C = Kills by friends in this place as a percentage of kills by friends in the entire game.
 D = Other kills in this place as a percentage of other kills in the entire game.
 E = Experience gained in this place as a percentage of experience gained in the entire game.
 F = Experience gained in this place divided by the number of levels of this place that you have seen.
                   A       B       C       D       E      F
               +-------+-------+-------+-------+-------+----------------------
         Total | 100.0 | 100.0 | 100.0 | 100.0 | 100.0 | 5175.0
       Dungeon |  29.1 |  30.2 |  17.6 |   0.0 |   6.2 | 765.5
          Lair |   6.1 |   6.3 |   3.9 |   0.0 |   5.1 | 2033.2
         Swamp |  21.5 |  19.2 |  43.1 | 100.0 |  34.1 | 13679.8
     Snake Pit |  18.3 |  19.5 |   5.9 |   0.0 |  34.9 | 13987.0
  Orcish Mines |  15.4 |  14.2 |  29.4 |   0.0 |  12.3 | 9856.0
      Ice Cave |   7.9 |   8.6 |   0.0 |   0.0 |   5.9 | 9493.0
       Volcano |   1.8 |   1.9 |   0.0 |   0.0 |   1.5 | 2468.0
               +-------+-------+-------+-------+-------+----------------------

Vault maps used:
D:1:      giann_wishing_wells
D:2:      old_standard_altar, chequers_ecumenical_altar_island, first_ration,
          cheibrodos_gnoll_hut, uniq_sigmund
D:3:      gammafunk_steamed_eel, saegor_snake_ambush
D:4:      lemuel_round_altar, serial_shops, kennysheep_mini_moat
D:5:      minmay_temple_entry_glass
D:6:      serial_co_window_serial, co_window_of_opportunity_a,
          co_window_corner_a, co_window_of_opportunity_a, co_window_paths_b,
          co_window_corner_a, co_window_cross_4, co_window_2corner,
          co_window_broadway_c, co_window_corner_b, co_window_2corner,
          co_window_corner_cb, co_window_paths_e, glass_columns_b,
          glass_columns_a, glass_columns_a, cheibrodos_sewer_entry_bend
D:7:      serial_shops, shop
D:8:      kennysheep_mini, minitemple
D:9:      serial_undead, serial_undead_a, serial_undead_b, serial_undead_d,
          serial_undead_f
D:10:     lair_entry_dummy, serial_shops, nicolae_shop_crystal, basic_altar
D:12:     orc_0_dummy, basic_altar, grunt_tengu_nest
D:13:     david_vaults_1
Temple:   kb_temple_of_zot
Lair:1:   nicolae_volcano_entry_two_sided, grunt_megastairs_5,
          lemuel_fruit_tree, minmay_lair_oklob_chamber, serial_bayou_shore_b
Lair:3:   serial_bayou_shore_a, uniq_harold, uniq_snorg
Lair:4:   minmay_swamp_entry_swarm, guppyfry_snake_entry_island,
          serial_bayou_lagoon_a, minivault_24
Swamp:1:  evilmike_swamp_ruin_house_3
Swamp:2:  evilmike_swamp_ruin_house_2, swamp_pool1, uniq_nikola, uniq_louise,
          uniq_jorgrun, uniq_frances
Swamp:3:  evilmike_swamp_ruin_rubble_1
Swamp:4:  swamp_basic_johnstein
Snake:1:  special_room, grunt_ministairs_13, dpeg_stationary_puzzle
Snake:2:  serial_shops, nicolae_shop_behind_doors,
          portal_ice_cave_entry_pillars_1
Snake:4:  snake_pit, serial_shops, shop, basic_altar, hangedman_snake_pattern
Orc:1:    basic_altar, serial_shops, shop
Orc:2:    pf_orc_diabolical
Elf:1:    serial_shops, shop, minmay_elf_necromancy
IceCv:    ice_cave_caverns_03
Volcano:  volcano_aerie
